TOP OF THE 1ST |
Columbus Reds batting - Pitching for Niagara Falls Phantoms : RHP Khayyat bin Faruq
|
Pitching: RHP Khayyat bin Faruq
|
|
Batting: RHB Sang-ton Pak
|
0-0: Ball 1-0: Foul Ball, location: 2F 1-1: Ball 2-1: Fly out, F8 (Flyball, 8RS, EV 93.8 MPH)
|
Batting: RHB Pat McCoy
|
0-0: Ball 1-0: Ground out 6-3 (Groundball, 6, EV 85.6 MPH)
|
Batting: LHB Chris Redhead
|
0-0: Ball 1-0: Foul Ball, location: 2F 1-1: Foul Ball, location: 2F 1-2: Ball 2-2: Ground out 6-3 (Groundball, 6, EV 81.9 MPH)
|
Top of the 1st over - 0 runs, 0 hits, 0 errors, 0 left on base; Columbus 0 - Niagara Falls 0 |
BOTTOM OF THE 1ST |
Niagara Falls Phantoms batting - Pitching for Columbus Reds : LHP Keith Egan
|
Pitching: LHP Keith Egan
|
|
Batting: SHB Edwin Dominguez
|
0-0: Foul Ball, location: 2F 0-1: Ball 1-1: Foul Ball, location: 2F 1-2: Strikes out swinging
|
Batting: RHB John Sprenkel
|
0-0: Called Strike 0-1: Foul Ball, location: 2F 0-2: Ball 1-2: Strikes out looking
|
Batting: RHB Devon Utley
|
0-0: Ball 1-0: Ball 2-0: Ball 3-0: Called Strike 3-1: Base on Balls
|
Batting: SHB Mukhtar Wa'il
|
0-0: Ball 1-0: Ball 2-0: TRIPLE (Flyball, 9LD, EV 91.9 MPH) Devon Utley scores
|
Batting: RHB Tim Osborn
|
0-0: Ball 1-0: Swinging Strike 1-1: Foul Ball, location: 2F 1-2: Ball 2-2: Strikes out swinging
|
Bottom of the 1st over - 1 run, 1 hit, 0 errors, 1 left on base; Columbus 0 - Niagara Falls 1 |
TOP OF THE 2ND |
Columbus Reds batting - Pitching for Niagara Falls Phantoms : RHP Khayyat bin Faruq
|
Batting: RHB Nick Miller
|
0-0: Called Strike 0-1: Reached via error on a dropped throw from 1B, E1 (Groundball, 34, EV 102.5 MPH)
|
Batting: LHB Tim Kirk
|
0-0: Ball 1-0: Foul Ball, location: 2F 1-1: Ball 2-1: Ball 3-1: Fly out, F6 (Popup, 4M, EV 64.4 MPH)
|
Batting: LHB Elijah Benton
|
0-0: Ball 1-0: Foul Ball, location: 2F 1-1: Called Strike Nick Miller steals 2nd base (no throw) 1-2: Foul Ball, location: 2F 1-2: Ball 2-2: Ball 3-2: Strikes out looking
|
Batting: RHB Fred Barbour
|
0-0: Swinging Strike 0-1: Foul Ball, location: 2F 0-2: Foul Ball, location: 2F 0-2: Ball 1-2: Foul Ball, location: 2F 1-2: Ball 2-2: 2-RUN HOME RUN (Flyball, 78XD, EV 105.0 MPH), Distance : 402 ft
|
Batting: RHB Alex Villagomez
|
0-0: Ball 1-0: Fly out, F9 (Flyball, 9, EV 94.4 MPH)
|
Top of the 2nd over - 2 runs, 1 hit, 1 error, 0 left on base; Columbus 2 - Niagara Falls 1 |
BOTTOM OF THE 2ND |
Niagara Falls Phantoms batting - Pitching for Columbus Reds : LHP Keith Egan
|
Batting: RHB Mark Stafford
|
0-0: Ball 1-0: Reached on error, E6 (Groundball, 6, EV 97.5 MPH)
|
Batting: LHB Bart Davies
|
0-0: Called Strike 0-1: Foul Ball, location: 2F 0-2: Foul Ball, location: 2F 0-2: Foul Ball, location: 2F 0-2: Ball 1-2: SINGLE (Groundball, 34D, EV 100.6 MPH) Mark Stafford to second Runner from 2nd tries for 3rd, SAFE, throw by RF made to third
|
Batting: SHB David Stewart
|
0-0: Ball 1-0: Ball 2-0: Ball 3-0: Base on Balls Bart Davies to second
|
Batting: LHB Dale Anderson
|
0-0: Ball 1-0: Called Strike 1-1: Swinging Strike 1-2: Grounds into double play, 4-6-3 (Groundball, 4S, EV 79.4 MPH) Mark Stafford scores Bart Davies to third
|
Batting: SHB Edwin Dominguez
|
0-0: Ball 1-0: Ball 2-0: DOUBLE (Groundball, 5L, EV 101.3 MPH) Bart Davies scores
|
Batting: RHB John Sprenkel
|
0-0: Ball 1-0: Foul Ball, location: 2F 1-1: Foul Ball, location: 2F 1-2: Strikes out looking
|
Bottom of the 2nd over - 2 runs, 2 hits, 1 error, 1 left on base; Columbus 2 - Niagara Falls 3 |
TOP OF THE 3RD |
Columbus Reds batting - Pitching for Niagara Falls Phantoms : RHP Khayyat bin Faruq
|
Batting: RHB Alex de Leon
|
0-0: Called Strike 0-1: Called Strike 0-2: Foul Ball, location: 2F 0-2: Ball 1-2: Strikes out swinging
|
Batting: RHB Sang-ton Pak
|
0-0: Ball 1-0: Called Strike 1-1: Swinging Strike 1-2: Strikes out swinging
|
Batting: RHB Pat McCoy
|
0-0: Ball 1-0: Ball 2-0: Ball 3-0: Base on Balls
|
Batting: LHB Chris Redhead
|
0-0: Ball Wild Pitch! Pat McCoy to second 1-0: Ball Wild Pitch! Pat McCoy to third 2-0: Called Strike 2-1: Fly out, F7 (Flyball, 7, EV 95.0 MPH)
|
Top of the 3rd over - 0 runs, 0 hits, 0 errors, 1 left on base; Columbus 2 - Niagara Falls 3 |
BOTTOM OF THE 3RD |
Niagara Falls Phantoms batting - Pitching for Columbus Reds : LHP Keith Egan
|
Batting: RHB Devon Utley
|
0-0: Foul Ball, location: 2F 0-1: Called Strike 0-2: Foul Ball, location: 2F 0-2: Foul Ball, location: 2F 0-2: Foul Ball, location: 2F 0-2: Strikes out swinging
|
Batting: SHB Mukhtar Wa'il
|
0-0: Called Strike 0-1: Ball 1-1: Foul Ball, location: 2F 1-2: Strikes out looking
|
Batting: RHB Tim Osborn
|
0-0: Called Strike 0-1: Foul Ball, location: 2F 0-2: Foul Ball, location: 2F 0-2: Ball 1-2: Foul Ball, location: 2F 1-2: Ball 2-2: Foul Ball, location: 2F 2-2: Fly out, F8 (Line Drive, 8LD, EV 93.8 MPH)
|
Bottom of the 3rd over - 0 runs, 0 hits, 0 errors, 0 left on base; Columbus 2 - Niagara Falls 3 |
TOP OF THE 4TH |
Columbus Reds batting - Pitching for Niagara Falls Phantoms : RHP Khayyat bin Faruq
|
Batting: RHB Nick Miller
|
0-0: Swinging Strike 0-1: Ball 1-1: SINGLE (Line Drive, 89S, EV 106.9 MPH)
|
Batting: LHB Tim Kirk
|
0-0: Ball Nick Miller is caught stealing 2nd base 2-6 1-0: Foul Ball, location: 2F 1-1: Ball 2-1: SINGLE (Groundball, 4D, EV 95.6 MPH)
|
Batting: LHB Elijah Benton
|
0-0: Foul Ball, location: 2F 0-1: Ball 1-1: Called Strike 1-2: Foul Ball, location: 2F 1-2: Strikes out swinging
|
Batting: RHB Fred Barbour
|
0-0: Foul Ball, location: 2F 0-1: Foul Ball, location: 2F 0-2: Ball 1-2: Fly out, F8 (Flyball, 78XD, EV 110.0 MPH)
|
Top of the 4th over - 0 runs, 2 hits, 0 errors, 1 left on base; Columbus 2 - Niagara Falls 3 |
BOTTOM OF THE 4TH |
Niagara Falls Phantoms batting - Pitching for Columbus Reds : LHP Keith Egan
|
Batting: RHB Mark Stafford
|
0-0: Called Strike 0-1: Ball 1-1: Ball 2-1: SINGLE (Groundball, 4MD, EV 101.3 MPH)
|
Batting: LHB Bart Davies
|
0-0: Ball 1-0: Fielders Choice at 2nd, 4-6 (Groundball, 34, EV 77.5 MPH)
|
Batting: SHB David Stewart
|
0-0: Fly out, F4 (Popup, 4D, EV 69.4 MPH)
|
Batting: LHB Dale Anderson
|
0-0: Ball 1-0: Called Strike 1-1: Ball 2-1: Fly out, F9 (Line Drive, 9, EV 107.5 MPH)
|
Bottom of the 4th over - 0 runs, 1 hit, 0 errors, 1 left on base; Columbus 2 - Niagara Falls 3 |
TOP OF THE 5TH |
Columbus Reds batting - Pitching for Niagara Falls Phantoms : RHP Khayyat bin Faruq
|
Batting: RHB Alex Villagomez
|
0-0: Ball 1-0: SINGLE (Groundball, 6MD, EV 104.4 MPH)
|
Batting: RHB Alex de Leon
|
0-0: Swinging Strike 0-1: Called Strike 0-2: Strikes out swinging
|
Batting: RHB Sang-ton Pak
|
0-0: Ball 1-0: Called Strike 1-1: Ball 2-1: Called Strike 2-2: Fly out, F7 (Flyball, 7LM, EV 94.4 MPH)
|
Batting: RHB Pat McCoy
|
0-0: Ball 1-0: SINGLE (Groundball, 34D, EV 100.0 MPH) Alex Villagomez to second Runner from 2nd tries for 3rd, SAFE, throw by RF made to third
|
Batting: LHB Chris Redhead
|
0-0: Ball 1-0: Called Strike 1-1: Foul Ball, location: 2F 1-2: Foul Ball, location: 2F 1-2: Ball 2-2: Strikes out swinging
|
Top of the 5th over - 0 runs, 2 hits, 0 errors, 2 left on base; Columbus 2 - Niagara Falls 3 |
BOTTOM OF THE 5TH |
Niagara Falls Phantoms batting - Pitching for Columbus Reds : LHP Keith Egan
|
Batting: SHB Edwin Dominguez
|
0-0: Ball 1-0: Ball 2-0: DOUBLE (Line Drive, 9LD, EV 102.5 MPH)
|
Batting: RHB John Sprenkel
|
0-0: Ball 1-0: Ball 2-0: Ball 3-0: Called Strike 3-1: 2-RUN HOME RUN (Flyball, 7D, EV 100.0 MPH), Distance : 372 ft
|
Batting: RHB Devon Utley
|
0-0: Foul Ball, location: 2F 0-1: DOUBLE (Flyball, 8LXD, EV 110.6 MPH)
|
Batting: SHB Mukhtar Wa'il
|
0-0: Foul Ball, location: 2F 0-1: Foul Ball, location: 2F 0-2: Ball 1-2: Ball 2-2: Ball 3-2: Foul Ball, location: 2F 3-2: SINGLE (Groundball, 56D, EV 106.9 MPH) Devon Utley to third Throwing error, E7 Devon Utley scores Mukhtar Wa'il to second
|
Batting: RHB Tim Osborn
|
0-0: DOUBLE (Line Drive, 89XD, EV 106.9 MPH) Mukhtar Wa'il scores
|
Batting: RHB Mark Stafford
|
0-0: SINGLE (Line Drive, 78M, EV 109.4 MPH) Tim Osborn to third
|
Batting: LHB Bart Davies
|
0-0: Called Strike 0-1: Swinging Strike 0-2: Ball 1-2: SINGLE (Groundball, 4D, EV 96.3 MPH) Tim Osborn scores Mark Stafford to second Runner from 2nd tries for 3rd, SAFE, throw by CF made to third
|
Pitching: RHP Kyle Vance
|
|
Batting: SHB David Stewart
|
0-0: Called Strike 0-1: Fly out, F9 (Flyball, 9LD, EV 104.4 MPH) Runner from 3rd tags up, SCORES, no throw by RF
|
Batting: LHB Dale Anderson
|
0-0: Fly out, F9 (Flyball, 9, EV 97.5 MPH)
|
Batting: SHB Edwin Dominguez
|
0-0: Ball 1-0: Foul Ball, location: 2F 1-1: Foul Ball, location: 2F 1-2: Ball 2-2: Fly out, F1 (Line Drive, P, EV 64.4 MPH)
|
Bottom of the 5th over - 6 runs, 7 hits, 1 error, 1 left on base; Columbus 2 - Niagara Falls 9 |
TOP OF THE 6TH |
Columbus Reds batting - Pitching for Niagara Falls Phantoms : RHP Khayyat bin Faruq
|
Pitching: RHP Ben Cunningham
|
|
Batting: RHB Nick Miller
|
0-0: Ball 1-0: Swinging Strike 1-1: Ball 2-1: Swinging Strike 2-2: Strikes out swinging
|
Batting: LHB Tim Kirk
|
0-0: SINGLE (Line Drive, 89M, EV 111.9 MPH)
|
Batting: LHB Elijah Benton
|
0-0: Ball 1-0: Foul Ball, location: 2F 1-1: SINGLE (Groundball, 4D, EV 103.1 MPH) Tim Kirk to second
|
Batting: RHB Fred Barbour
|
0-0: Called Strike 0-1: Called Strike 0-2: Strikes out swinging
|
Batting: RHB Alex Villagomez
|
0-0: Ball 1-0: Ball 2-0: Ball 3-0: Called Strike 3-1: Foul Ball, location: 2F 3-2: Fly out, F8 (Flyball, 78M, EV 87.5 MPH)
|
Top of the 6th over - 0 runs, 2 hits, 0 errors, 2 left on base; Columbus 2 - Niagara Falls 9 |
BOTTOM OF THE 6TH |
Niagara Falls Phantoms batting - Pitching for Columbus Reds : RHP Kyle Vance
|
Batting: RHB John Sprenkel
|
0-0: Reached on error, E6 (Groundball, 6, EV 103.1 MPH)
|
Batting: RHB Devon Utley
|
0-0: Ball 1-0: Swinging Strike 1-1: Called Strike 1-2: 2-RUN HOME RUN (Flyball, 7D, EV 98.8 MPH), Distance : 398 ft
|
Batting: SHB Mukhtar Wa'il
|
0-0: Ball 1-0: Ball 2-0: Called Strike 2-1: Foul Ball, location: 2F 2-2: Ground out 4-3 (Groundball, 4, EV 86.9 MPH)
|
Batting: RHB Tim Osborn
|
0-0: Ground out 4-3 (Groundball, 4, EV 95.6 MPH)
|
Batting: RHB Mark Stafford
|
0-0: Ball 1-0: Foul Ball, location: 2F 1-1: Ball 2-1: Ball 3-1: Base on Balls
|
Batting: LHB Bart Davies
|
0-0: Ball 1-0: Called Strike 1-1: Ball 2-1: Foul Ball, location: 2F 2-2: Foul Ball, location: 2F 2-2: Ball 3-2: Base on Balls Mark Stafford to second
|
Batting: SHB David Stewart
|
0-0: Foul Ball, location: 2F 0-1: Ball 1-1: Fly out, F8 (Flyball, 8LXD, EV 96.9 MPH)
|
Bottom of the 6th over - 2 runs, 1 hit, 1 error, 2 left on base; Columbus 2 - Niagara Falls 11 |
TOP OF THE 7TH |
Columbus Reds batting - Pitching for Niagara Falls Phantoms : RHP Ben Cunningham
|
Batting: RHB Alex de Leon
|
0-0: Ball 1-0: Ball 2-0: SINGLE (Groundball, 6MD, EV 104.4 MPH)
|
Batting: RHB Sang-ton Pak
|
0-0: Ball Alex de Leon is caught stealing 2nd base 2-4 1-0: Ball 2-0: Foul Ball, location: 2F 2-1: Ball 3-1: Fly out, F4 (Line Drive, 4, EV 68.8 MPH)
|
Batting: RHB Pat McCoy
|
0-0: Ball 1-0: SINGLE (Groundball, 6MD, EV 100.6 MPH)
|
Batting: LHB Chris Redhead
|
0-0: Ball 1-0: Ball 2-0: Called Strike 2-1: Ball 3-1: Foul Ball, location: 2F 3-2: Base on Balls Pat McCoy to second
|
Batting: RHB Nick Miller
|
0-0: Called Strike 0-1: Fly out, F8 (Flyball, 8RM, EV 90.6 MPH)
|
Top of the 7th over - 0 runs, 2 hits, 0 errors, 2 left on base; Columbus 2 - Niagara Falls 11 |
BOTTOM OF THE 7TH |
Niagara Falls Phantoms batting - Pitching for Columbus Reds : RHP Kyle Vance
|
Batting: LHB Dale Anderson
|
0-0: Called Strike 0-1: Ball 1-1: SINGLE (Line Drive, 4D, EV 104.4 MPH)
|
Batting: SHB Edwin Dominguez
|
0-0: Ball 1-0: Called Strike 1-1: Fielders Choice at 2nd, 1-4 (Groundball, 15S, EV 73.8 MPH)
|
Batting: RHB John Sprenkel
|
0-0: Foul Ball, location: 2F 0-1: Foul Ball, location: 2F 0-2: Ball 1-2: Strikes out swinging
|
Batting: RHB Devon Utley
|
0-0: Called Strike 0-1: Called Strike 0-2: Foul Ball, location: 2F 0-2: SINGLE (Line Drive, 8RS, EV 107.5 MPH) Edwin Dominguez to second
|
Batting: SHB Mukhtar Wa'il
|
0-0: Ball 1-0: Called Strike 1-1: Foul Ball, location: 2F 1-2: Fly out, F5 (Popup, 5F, EV 72.5 MPH)
|
Bottom of the 7th over - 0 runs, 2 hits, 0 errors, 2 left on base; Columbus 2 - Niagara Falls 11 |
TOP OF THE 8TH |
Columbus Reds batting - Pitching for Niagara Falls Phantoms : RHP Ben Cunningham
|
Batting: LHB Tim Kirk
|
0-0: SINGLE (Line Drive, 89M, EV 92.5 MPH)
|
Batting: LHB Elijah Benton
|
0-0: Ball 1-0: Swinging Strike 1-1: Ball 2-1: SINGLE (Groundball, 56D, EV 96.9 MPH) Tim Kirk to second
|
Batting: RHB Fred Barbour
|
0-0: Ball 1-0: Foul Ball, location: 2F 1-1: SINGLE (Groundball, 56D, EV 102.5 MPH) Tim Kirk to third Elijah Benton to second Runner from 3rd tries for Home, SAFE, throw by LF to home
|
Pitching: LHP Ron Cooper
|
|
Batting: RHB Alex Villagomez
|
0-0: Ball 1-0: Ball 2-0: Called Strike 2-1: Called Strike 2-2: Strikes out looking
|
Batting: RHB Alex de Leon
|
0-0: Called Strike 0-1: Foul Ball, location: 2F 0-2: Foul Ball, location: 2F 0-2: Ball Wild Pitch! Elijah Benton to third Fred Barbour to second 1-2: Ball 2-2: Strikes out swinging
|
Batting: RHB Sang-ton Pak
|
0-0: Called Strike 0-1: Fly out, F8 (Line Drive, 8RM, EV 100.6 MPH)
|
Top of the 8th over - 1 run, 3 hits, 0 errors, 2 left on base; Columbus 3 - Niagara Falls 11 |
BOTTOM OF THE 8TH |
Niagara Falls Phantoms batting - Pitching for Columbus Reds : RHP Kyle Vance
|
Pinch Hitting: LHB Aaron Joyner
|
0-0: Swinging Strike 0-1: Ball 1-1: Ball 2-1: Swinging Strike 2-2: Ball 3-2: SINGLE (Flyball, 56D, EV 90.6 MPH)
|
Batting: RHB Mark Stafford
|
0-0: Ball 1-0: Swinging Strike 1-1: Ball 2-1: Swinging Strike 2-2: Foul Ball, location: 2F 2-2: Strikes out swinging
|
Pitching: RHP Matt Cronin
|
|
Batting: LHB Bart Davies
|
0-0: Foul Ball, location: 2F 0-1: Swinging Strike 0-2: Ball 1-2: Ball 2-2: 2-RUN HOME RUN (Flyball, 9D, EV 94.4 MPH), Distance : 349 ft
|
Batting: SHB David Stewart
|
0-0: Called Strike 0-1: Ball 1-1: Foul Ball, location: 2F 1-2: Strikes out swinging
|
Batting: LHB Dale Anderson
|
0-0: Ball 1-0: Called Strike 1-1: Ball 2-1: Ball 3-1: Foul Ball, location: 2F 3-2: Strikes out swinging
|
Bottom of the 8th over - 2 runs, 2 hits, 0 errors, 0 left on base; Columbus 3 - Niagara Falls 13 |
TOP OF THE 9TH |
Columbus Reds batting - Pitching for Niagara Falls Phantoms : LHP Ron Cooper
|
Now in CF: Aaron Joyner
|
|
Batting: RHB Pat McCoy
|
0-0: Ball 1-0: Swinging Strike 1-1: Swinging Strike 1-2: Ground out 6-3 (Groundball, 6, EV 98.8 MPH)
|
Batting: LHB Chris Redhead
|
0-0: Foul Ball, location: 2F 0-1: Ball 1-1: Foul Ball, location: 2F 1-2: Ball 2-2: Foul Ball, location: 2F 2-2: SINGLE (Line Drive, 78M, EV 101.3 MPH)
|
Batting: RHB Nick Miller
|
0-0: Called Strike 0-1: Swinging Strike 0-2: Foul Ball, location: 2F 0-2: Ball 1-2: Strikes out looking
|
Batting: LHB Tim Kirk
|
0-0: Swinging Strike 0-1: Ball 1-1: Swinging Strike 1-2: Ball 2-2: SINGLE (Line Drive, 4M, EV 101.3 MPH) Chris Redhead to second
|
Batting: LHB Elijah Benton
|
0-0: Ball 1-0: Ball 2-0: Foul Ball, location: 2F 2-1: Foul Ball, location: 2F 2-2: Strikes out swinging
|
Top of the 9th over - 0 runs, 2 hits, 0 errors, 2 left on base; Columbus 3 - Niagara Falls 13 |
|